 Dungeon Crawl Stone Soup version 0.28.0 (webtiles) character file.

Game seed: 14612185542769723862

443 croobank the Firebug (level 7, -2/33 HPs)
             Began as a Vine Stalker Fire Elementalist on Feb 4, 2022.
             Slain by a shadow imp (3 damage)
             ... summoned by Eustachio
             ... on level 5 of the Dungeon.
             The game lasted 00:15:19 (4785 turns).

croobank the Firebug (VSFE)                         Turns: 4785, Time: 00:15:20

Health: -2/33      AC:  4    Str: 11    XL:     7   Next: 2%
Magic:  0/13       EV: 12    Int: 17    God:
Gold:   147        SH:  0    Dex: 14    Spells: 6/13 levels left

rFire   + . .      SeeInvis .   a - +2 trident (flame)
rCold   x . .      Faith    .   (no shield)
rNeg    . . .      Spirit   +   v - +0 robe
rPois   .          Reflect  .   (no helmet)
rElec   .          Harm     .   (no cloak)
rCorr   +          Rampage  .   g - +0 pair of gloves
Will    .....                   q - +0 pair of boots
Stlth   ++........              (no amulet)
HPRegen 0.91/turn               o - ring of fire
MPRegen 0.13/turn               F - ring of resist corrosion

@: hasted, very quick
A: fangs 2, regeneration 1, magic shield, antimagic bite, no potion heal 2
a: no special abilities


You were on level 5 of the Dungeon.
You visited 1 branch of the dungeon, and saw 5 of its levels.

You collected 147 gold pieces.

Inventory:

Hand Weapons
 a - a +2 trident of flaming (weapon)
 b - a +0 hand crossbow
 u - a +0 hand axe
 C - a +0 dagger
Missiles
 e - 111 stones
 i - 57 arrows
 p - 5 boomerangs (quivered)
 D - 27 bolts
Armour
 d - a +0 ring mail
 g - a +0 pair of gloves (worn)
 j - a +0 leather armour
 k - a +0 plate armour
 q - a +0 pair of boots (worn)
 v - a +0 robe (worn)
Jewellery
 m - a ring of fire
 o - a ring of fire (left hand)
 F - a ring of resist corrosion (right hand)
Wands
 y - a wand of iceblast (7)
Scrolls
 c - a scroll of teleportation {unknown}
 f - a scroll of fear {unknown}
 s - 2 scrolls of enchant armour
 t - a scroll of noise {unknown}
 x - a scroll of fog {unknown}
 G - a scroll of identify
 H - a scroll of enchant weapon
Potions
 h - a potion of ambrosia
 l - 2 potions of heal wounds
 n - a potion of might {unknown}
 r - 2 potions of cancellation
 w - a potion of brilliance {unknown}
 A - a potion of magic {unknown}
 B - 2 potions of curing
 E - a potion of degeneration {unknown}


   Skills:
 + Level 1.0 Fighting
 * Level 1.6 Polearms
 + Level 2.1 Dodging
 + Level 3.2 Stealth
 + Level 3.9 Spellcasting
 * Level 2.3 Conjurations
 + Level 5.3 Fire Magic


You had 6 spell levels left.
You knew the following spells:

 Your Spells              Type           Power      Damage    Failure   Level
a - Foxfire               Conj/Fire      96%        2x1d8     3%          1
b - Scorch                Fire           64%        2d8       2%          2
c - Flame Wave            Conj/Fire      24%        2d7       32%         4

Your spell library contained the following spells:

 Spells                   Type           Power      Damage    Failure   Level
 Conjure Flame            Conj/Fire      24%        6-21      10%         3
 Inner Flame              Hex/Fire       18%        N/A       16%         3
 Frozen Ramparts          Ice            6%         1d2       43%         3
 Ozocubu's Armour         Ice            3%         N/A       43%         3
 Ice Form                 Ice/Tmut       3%         N/A       85%         4
 Summon Ice Beast         Ice/Summ       3%         N/A       85%         4
 Ozocubu's Refrigeration  Ice            1%         4d5       100%        7


Dungeon Overview and Level Annotations

Branches:
Dungeon (5/15)
 Temple: D:4-7

Altars:
Elyvilon
Makhleb
Sif Muna
The Shining One

Annotations:
D:5 Eustachio


Innate Abilities, Weirdness & Mutations

You have extremely sharp teeth.
Your natural rate of healing is unusually fast.
When hurt, damage is shared between your health and your magic reserves.
Your bite disrupts and absorbs the magic of your enemies.
Potions cannot restore your health.


Message History

The river rat's corpse disappears in a puff of smoke!
You feel yourself speed up.
You hit Eustachio. You burn Eustachio.
Eustachio is moderately wounded.
Eustachio hits you with a +0 rapier.
You barely miss Eustachio.
Eustachio is moderately wounded.
Eustachio hits you with a +0 rapier.
Casting: Foxfire (safe; 3% risk of failure)
Confirm with . or Enter, or press ? or * to list all spells.
You feel a surge of power!
Flames lash Eustachio.
Eustachio is heavily wounded.
Eustachio's fire resistance burns away.
Eustachio barely misses you.
Casting: Scorch (safe; 2% risk of failure)
Confirm with . or Enter, or press ? or * to list all spells.
You don't have enough magic to cast this spell.
Casting: Scorch (safe; 2% risk of failure)
Confirm with . or Enter, or press ? or * to list all spells.
You don't have enough magic to cast this spell.
You completely miss Eustachio.
Eustachio is heavily wounded.
Eustachio mumbles some strange words.
You barely miss Eustachio. Your bite misses Eustachio.
Eustachio is heavily wounded.
Eustachio barely misses you.
You hit Eustachio. You burn Eustachio. You bite Eustachio.
Eustachio's magic leaks into the air.
You drain his magic.
You feel invigorated.
Eustachio is severely wounded.
Eustachio falters for a moment.
Eustachio hits you with a +0 rapier!
You hit Eustachio. You burn Eustachio. Your bite misses Eustachio.
Eustachio is almost dead.
The crimson imp hits you. Eustachio hits you with a +0 rapier!
* * * LOW HITPOINT WARNING * * *
You closely miss Eustachio. You bite Eustachio, but do no damage.
Eustachio is almost dead.
Eustachio hits you with a +0 rapier!
* * * LOW HITPOINT WARNING * * *
The shadow imp hits you.
You die...

#.#.#.##......
#.#.#.##...... #
#.#.#....#
###.#.#.#....###.. .
........'......... #..
#.#.#.#.#....#.. ....
#.###.##...######..#..
. #.##.......5......
.# #.##....#.@@...# ..
..........55...... #
###.....#.........
#...............
#.....#.#.#.....
#.....#.#.#.....
........... .?.. #....
#.#.##....


You could see Eustachio (fast, combustible, magic disrupted), an iron imp
(summoned), a crimson imp (summoned) and a shadow imp (summoned).

Vanquished Creatures
  A phantom (D:4)
  A scorpion (D:4)
  A water moccasin zombie (D:5)
  A howler monkey (D:4)
  A jelly (D:4)
  An orc priest (D:3)
  An orc wizard (D:3)
  3 adders
  An ufetubus (D:4)
  An adder skeleton (D:4)
  3 worms
  4 dart slugs
  11 orcs
  2 endoplasms (D:2)
  4 giant cockroaches
  9 goblins
  4 hobgoblins
  4 jackals (D:1)
  3 quokkas
  4 ball pythons
  4 bats
  5 frilled lizards
  6 kobolds
  4 rats
79 creatures vanquished.

Vanquished Creatures (others)
  140 foxfires
140 creatures vanquished.

Grand Total: 219 creatures vanquished

Notes
Turn   | Place    | Note
-------+----------+-------------------------------------------
     0 | D:1      | croobank the Vine Stalker Fire Elementalist began the quest
                  | for the Orb.
     0 | D:1      | Reached XP level 1. HP: 9/9 MP: 4/4
   559 | D:1      | Reached XP level 2. HP: 13/13 MP: 0/6
   562 | D:1      | Learned a level 2 spell: Scorch
   864 | D:1      | Found a faded altar of an unknown god.
  1466 | D:1      | Reached XP level 3. HP: 6/16 MP: 2/7
  2117 | D:2      | Gained mutation: Your natural rate of healing is unusually
                  | fast. [Vine Stalker growth]
  2117 | D:2      | Reached XP level 4. HP: 21/21 MP: 4/9
  2326 | D:2      | Learned a level 4 spell: Flame Wave
  2838 | D:3      | Reached skill level 4 in Fire Magic
  2991 | D:3      | Found a burning altar of Makhleb.
  3064 | D:3      | Found a shimmering blue altar of Sif Muna.
  3070 | D:3      | Found a white marble altar of Elyvilon.
  3075 | D:3      | Found a glowing golden altar of the Shining One.
  3362 | D:3      | Reached XP level 5. HP: 19/25 MP: 1/10
  4078 | D:4      | Reached skill level 1 in Polearms
  4258 | D:4      | Reached XP level 6. HP: 29/29 MP: 8/12
  4265 | D:4      | Reached skill level 5 in Fire Magic
  4402 | D:4      | Reached skill level 1 in Fighting
  4715 | D:5      | Entered Level 5 of the Dungeon
  4749 | D:5      | Noticed Eustachio
  4759 | D:5      | Reached XP level 7. HP: 33/33 MP: 6/13
  4785 | D:5      | HP: 1/33 [Eustachio (6)]
  4785 | D:5      | Slain by a shadow imp

Illustrated notes

Levels and vault maps discovered:
D:1:      minmay_arrival_wavy_path, layout_basic,
          hellmonk_ecumenical_altar_run_dry, kennysheep_doodads
D:2:      layout_rooms, amcnicky_mini_pool_small
D:3:      layout_loops_corners, pf_just_have_faith,
          minmay_overflow_temple_star_quad, feat_on_display
D:4:      layout_basic
D:5:      layout_basic, cheibrodos_worm_habitat, minmay_misc_feat_square,
          hangedman_decor_peaks_small, minivault_14, nicolae_grassy_gnolls,
          uniq_sigmund, uniq_prince_ribbit1, uniq_eustachio

Skill      XL: |  1  2  3  4  5  6 |
---------------+-------------------+-----
Fire Magic     | 4 5 |  5.3
Spellcasting   | 3 |  3.9
Dodging        | 2 |  2.1
Polearms       | 1 |  1.6
Stealth        | 3 |  3.2
Conjurations   | 2 |  2.3
Fighting       | 1 |  1.0

Action                   |  1- 3 |  4- 6 |  7- 9 || total
-------------------------+-------+-------+-------++-------
Melee: Dagger            |    56 |    14 |       ||    70
       Bite              |    18 |     7 |     3 ||    28
       Trident           |       |    16 |    16 ||    32
 Cast: Foxfire           |    34 |    43 |     2 ||    79
       Scorch            |     6 |    16 |     1 ||    23
  Use: Scroll            |       |     7 |       ||     7
       Potion            |       |     2 |     1 ||     3
 Stab: Sleeping          |       |     2 |       ||     2
Armor: Robe              |    14 |    14 |     3 ||    31
Dodge: Dodged            |    41 |    20 |     9 ||    70
